 Dungeon Crawl Stone Soup version 0.31-a0-133-gaae73658be (webtiles) character file.

Game seed: 15003476962548118430

1610738 NoAnimeNoLife the Eclecticist (level 25, 229/229 HPs)
             Began as a Mummy Earth Elementalist on June 2, 2023.
             Was the Champion of Ashenzari.
             Escaped with the Orb
             ... and 3 runes!
             The game lasted 02:10:05 (71589 turns).

NoAnimeNoLife the Eclecticist (MuEE)               Turns: 71589, Time: 02:10:06

Health: 229/229    AC: 13    Str: 21    XL:     25   Next: 46%
Magic:  61/62      EV: 26    Int: 23    God:    Ashenzari [******]
Gold:   2596       SH: 11    Dex: 26    Spells: 7/77 levels left

rFire   + . .        p - staff of conjuration "Gaze Upon Infinity" (curse) {Bglg, Alch} (curse)
rCold   + + +        v - +2 buckler of Ashenzari's Malaise {rF+, Evo, Elem} (curse)
rNeg    + + +        f - +2 animal skin "Prophetic Apathy" {Fort, Elem} (curse)
rPois   ∞            j - +2 hat "Cursed Chagrin" {Harm Regen+ Str+2, Comp, Bglg} (curse)
rElec   +            L - +2 cloak "Seer of the Lashed Seer" {Self, Fort} (curse)
rCorr   .            t - +0 pair of gloves of the Manifest Heresy {Str+3 Dex+10, Bglg, Self} (curse)
SInv    +            n - +0 pair of boots "Share My Bad Feelings" {rElec Regen+, Range, Elem} (curse)
Will    ++++.        Q - amulet of the Bound Fetters {RegenMP, Self, Fort} (curse)
Stlth   ++           D - ring "Eternal Seeker" {*Corrode rF+ rC+ MP+9, Bglg, Self} (curse)
HPRegen 2.18/turn    h - ring "Oracular Ennui" {Fly rC+ Will+ Str+2 Dex+3, Evo, Self} (curse)
MPRegen 0.78/turn

%: corrode self (3%), harm (+30% outgoing, +20% incoming), clarity, faith
@: flying
A: cold resistance 1, negative energy resistance 3, torment resistance 2, heat
vulnerability 1, in touch with death 2, no potions, faith
0: Orb of Zot
}: 3/15 runes: decaying, silver, gossamer
a: Renounce Religion, Shatter the Chains


You escaped.
You worshipped Ashenzari.
Ashenzari was exalted by your worship.
You visited 8 branches of the dungeon, and saw 44 of its levels.
You also visited: Gauntlet and Wizlab.

You collected 6770 gold pieces.
You spent 4174 gold pieces at shops.

Inventory:

Missiles
 w - 7 throwing nets
Armour
 f - the cursed +2 animal skin "Prophetic Apathy" (worn) {Fort, Elem}
   (You took it off Robin on level 3 of the Dungeon)

   It has a curse which improves the following skills: Fortitude: Armour and
   Shields.
   Elements:  Fire Magic, Ice Magic, Air Magic and Earth Magic.
 j - the cursed +2 hat "Cursed Chagrin" (worn) {Harm Regen+ Str+2, Comp, Bglg}
   (You acquired it on level 2 of the Dungeon)

   Str:       It affects your strength (+2).
   Regen:     It increases your rate of health regeneration.
   Harm:      It increases damage dealt and taken.
   It has a curse which improves the following skills: Companions: Summonings
   and Necromancy.
   Beguiling: Conjurations, Hexes and Translocations.
 n - the cursed +0 pair of boots "Share My Bad Feelings" (worn) {rElec Regen+, Range, Elem}
   (You found it in a wizard's laboratory)

   rElec:     It insulates you from electricity.
   Regen:     It increases your rate of health regeneration.
   It has a curse which improves the following skills: Ranged Combat: Ranged
   Weapons and Throwing.
   Elements:  Fire Magic, Ice Magic, Air Magic and Earth Magic.
 t - the cursed +0 pair of gloves of the Manifest Heresy (worn) {Str+3 Dex+10, Bglg, Self}
   (You bought it in a shop on level 8 of the Dungeon)

   Str:       It affects your strength (+3).
   Dex:       It affects your dexterity (+10).
   It has a curse which improves the following skills: Beguiling: Conjurations,
   Hexes and Translocations.
   Introspection: Fighting and Spellcasting.
 v - the cursed +2 buckler of Ashenzari's Malaise (worn) {rF+, Evo, Elem}
   (You acquired it on level 11 of the Dungeon)

   It has a curse which improves the following skills: Evocations: Evocations.
   Elements:  Fire Magic, Ice Magic, Air Magic and Earth Magic.
 L - the cursed +2 cloak "Seer of the Lashed Seer" (worn) {Self, Fort}
   (You found it on level 4 of the Lair of Beasts)

   It has a curse which improves the following skills: Introspection: Fighting
   and Spellcasting.
   Fortitude: Armour and Shields.
Magical Staves
 p - the cursed staff of conjuration "Gaze Upon Infinity" (weapon) {Bglg, Alch}
   (You found it on level 6 of the Dungeon)

   [staff of conjuration]

   Base accuracy: +5 Base damage: 5 Base attack delay: 1.2 This weapon's minimum
   attack delay (0.6) is reached at skill level 12.
   It falls into the 'Staves' category.
   It is a one-handed weapon.
   It has a curse which improves the following skills: Beguiling: Conjurations,
   Hexes and Translocations.
   Alchemy:   Poison Magic and Transmutations.
Jewellery
 h - the cursed ring "Oracular Ennui" (right hand) {Fly rC+ Will+ Str+2 Dex+3, Evo, Self}
   (You found it in a Gauntlet)

   [ring of protection from cold]

   Str:       It affects your strength (+2).
   Dex:       It affects your dexterity (+3).
   rC:        It protects you from cold.
   Fly:       It grants you flight.
   Will:      It increases your willpower.
   It has a curse which improves the following skills: Evocations: Evocations.
   Introspection: Fighting and Spellcasting.
 i - a ring of magical power
 l - a ring of wizardry
 o - the ring of Vehumet's Hatred {Ice Fly Will+++ Str-3}
   (You found it in a wizard's laboratory)

   [ring of ice]

   It enhances your ice magic.
   Str:       It affects your strength (-3).
   rF:        It makes you vulnerable to fire.
   rC:        It protects you from cold.
   Fly:       It grants you flight.
   Will:      It greatly increases your willpower.
 x - a ring of resist corrosion
 z - the ring "Iwein" {Ice Str+3 Int+3 Stlth+}
   (You took it off Josephina on level 3 of the Realm of Zot)

   [ring of ice]

   It enhances your ice magic.
   Str:       It affects your strength (+3).
   Int:       It affects your intelligence (+3).
   rF:        It makes you vulnerable to fire.
   rC:        It protects you from cold.
   Stlth:     It makes you more stealthy.
 D - the cursed ring "Eternal Seeker" (left hand) {*Corrode rF+ rC+ MP+9, Bglg, Self}
   (You found it in a Gauntlet)

   [ring of magical power]

   rF:        It protects you from fire.
   rC:        It protects you from cold.
   MP:        It affects your magic capacity (+9).
   *Corrode:  It may corrode you when you take damage.
   It has a curse which improves the following skills: Beguiling: Conjurations,
   Hexes and Translocations.
   Introspection: Fighting and Spellcasting.
 Q - the cursed amulet of the Bound Fetters (around neck) {RegenMP, Self, Fort}
   (You found it on level 3 of the Spider Nest)

   [amulet of magic regeneration]

   It increases your rate of magic regeneration.
   It has a curse which improves the following skills: Introspection: Fighting
   and Spellcasting.
   Fortitude: Armour and Shields.
 S - a +4 ring of slaying
 T - a +6 ring of dexterity
 V - the ring "Offoimut" {rC+ rCorr}
   (You took it off a vault guard on level 5 of the Vaults)

   [ring of protection from cold]

   rC:        It protects you from cold.
   rCorr:     It protects you from acid and corrosion.
 W - the ring "Lirimenn" {AC+4 Str+3 Dex+3}
   (You took it off a deep elf sorcerer on level 5 of the Vaults)

   [ring of protection]

   AC:        It affects your AC (+4).
   Str:       It affects your strength (+3).
   Dex:       It affects your dexterity (+3).
 X - a ring of protection from fire
Wands
 a - a wand of digging (12)
 m - a wand of charming (32)
 q - a wand of flame (82)
 u - a wand of roots (21)
 H - a wand of polymorph (10)
 J - a wand of mindburst (25)
 Z - a wand of quicksilver (6)
Scrolls
 b - 8 scrolls of poison
 c - 4 scrolls of enchant armour
 d - 2 scrolls of silence
 e - 3 scrolls of blinking
 g - 9 scrolls of immolation
 k - 21 scrolls of teleportation
 r - 3 scrolls of torment
 s - 7 scrolls of amnesia
 y - 4 scrolls of fog
 C - 3 scrolls of summoning
 Y - 4 scrolls of fear
Miscellaneous
 G - a phial of floods
 K - a phantom mirror
 U - a condenser vane


   Skills:
 - Level 19.3(25.6) Fighting
 - Level 6.6(11.3) Armour
 + Level 15.1 Dodging
 - Level 9.8 Stealth
 - Level 7.3(12.0) Shields
 - Level 20.3(26.6) Spellcasting
 - Level 19.0(24.4) Conjurations
 - Level 10.0(12.5) Necromancy
 - Level 3.3(5.5) Transmutations
 - Level 4.4(8.7) Fire Magic
 - Level 8.9(13.6) Ice Magic
 - Level 6.6(11.3) Air Magic
 - Level 12.2(16.9) Earth Magic
 - Level 3.2(5.3) Poison Magic
 - Level 10.7(14.3) Evocations


You had 7 spell levels left.
You knew the following spells:

 Your Spells              Type           Power      Damage    Failure   Level
a - Orb of Destruction    Conj           60%        9d15      1%          7
b - Arcjolt               Conj/Air       53%        1d63      1%          5
c - Irradiate             Conj/Tmut      49%        3d28      1%          5
d - Ozocubu's Refrigerat  Ice            38%        4d15      3%          7
e - Plasma Beam           Fire/Air       33%        2x1d46    2%          6
f - Mephitic Cloud        Conj/Pois/Air  96%        N/A       0%          3
g - Leda's Unmaking       Conj/Erth      56%        9d9       1%          6
h - Vhi's Electric Charg  Tloc/Air       100%       N/A       1%          3
i - Borgnjor's Vile Clut  Necr/Erth      61%        N/A       1%          5
j - Stone Arrow           Conj/Erth      100%       3d13      0%          3
k - Sandblast             Erth           100%       2d20      0%          1
l - Fulminant Prism       Conj/Hex       46%        3d21      1%          4
m - Lehudib's Crystal Sp  Conj/Erth      56%        10d13     1%          8
n - Olgreb's Toxic Radia  Pois           53%        N/A       1%          4
o - Swiftness             Air            70%        N/A       1%          3

Your spell library contained the following spells:

 Spells                   Type           Power      Damage    Failure   Level
 Foxfire                  Conj/Fire      100%       2x1d9     0%          1
 Kiss of Death            Conj/Necr      100%       2d13      0%          1
 Magic Dart               Conj           100%       1d8       0%          1
 Necrotise                Necr           100%       1d9       0%          1
 Searing Ray              Conj           100%       2d8       0%          2
 Frozen Ramparts          Ice            100%       1d16      0%          3
 Ozocubu's Armour         Ice            76%        N/A       0%          3
 Flame Wave               Conj/Fire      100%       2d21      0%          4
 Iskenderun's Battlesphe  Conj           100%       2d15      0%          5
 Apportation              Tloc           68%        N/A       1%          1
 Sting                    Tmut/Pois      100%       1d8       1%          1
 Summon Small Mammal      Summ           100%       N/A       1%          1
 Call Imp                 Summ           64%        N/A       1%          2
 Cigotuvi's Dreadful Rot  Necr/Pois/Air  100%       N/A       1%          2
 Ensorcelled Hibernation  Hex/Ice        100%       N/A       1%          2
 Lesser Beckoning         Tloc           68%        N/A       1%          2
 Passwall                 Tmut/Erth      58%        N/A       1%          2
 Poisonous Vapours        Pois/Air       100%       N/A       1%          2
 Scorch                   Fire           100%       2d9       1%          2
 Anguish                  Hex/Necr       47%        N/A       1%          4
 Animate Armour           Summ/Erth      100%       N/A       1%          4
 Animate Dead             Necr           100%       N/A       1%          4
 Dispel Undead            Necr           100%       3d31      1%          4
 Leda's Liquefaction      Hex/Erth       32%        N/A       1%          4
 Petrify                  Tmut/Erth      70%        N/A       1%          4
 Summon Ice Beast         Ice/Summ       58%        N/A       1%          4
 Fireball                 Conj/Fire      51%        3d20      1%          5
 Lee's Rapid Deconstruct  Erth           41%        3d20*     1%          5
 Metabolic Englaciation   Hex/Ice        29%        N/A       1%          5
 Conjure Ball Lightning   Conj/Air       53%        3x3d18    1%          6
 Death Channel            Necr           57%        N/A       1%          6
 Simulacrum               Ice/Necr       58%        N/A       1%          6
 Starburst                Conj/Fire      51%        6d14      1%          6
 Gell's Gravitas          Tloc           34%        N/A       2%          3
 Portal Projectile        Hex/Tloc       68%        N/A       2%          3
 Summon Guardian Golem    Hex/Summ       33%        N/A       2%          3
 Teleport Other           Tloc           34%        N/A       2%          3
 Tukima's Dance           Hex            34%        N/A       2%          3
 Silence                  Hex/Air        27%        N/A       2%          5
 Call Canine Familiar     Summ           32%        N/A       3%          3
 Alistair's Intoxication  Tmut/Pois      35%        N/A       3%          5
 Cause Fear               Hex            17%        N/A       8%          4
 Passage of Golubria      Tloc           34%        N/A       8%          4
 Eringya's Noxious Bog    Tmut/Pois      26%        N/A       19%         6
 Haunt                    Necr/Summ      47%        N/A       56%         7
 Summon Cactus Giant      Summ           16%        N/A       83%         6
 Infestation              Necr           57%        N/A       41%         8
 Maxwell's Capacitive Co  Air            35%        ∞         58%         8
 Shatter                  Erth           41%        3d32*     73%         9
 Ignition                 Fire           31%        3d10      90%         8
 Discord                  Hex            17%        N/A       100%        8
 Dragon's Call            Summ           16%        N/A       100%        9
 Ice Form                 Ice/Tmut       Unusable   N/A       N/A         4
 Statue Form              Tmut/Erth      Unusable   N/A       N/A         6
 Blade Hands              Tmut           Unusable   N/A       N/A         5
 Dragon Form              Tmut           Unusable   N/A       N/A         7

Dungeon Overview and Level Annotations

Branches:
Dungeon (15/15)            Temple (0/1) D:4            Lair (5/5) D:10
  Swamp (4/4) Lair:2       Spider (4/4) Lair:2        Slime (0/5) Lair:5
    Orc (2/2) D:11            Elf (0/3) Orc:2        Vaults (5/5) D:13
  Crypt (0/3) Vaults:3     Depths (4/4) D:15            Zot (5/5) Depths:4
 WizLab (visited)         Gauntlet (visited)

Altars:
Ashenzari
Dithmenos
Fedhas
Kikubaaqudgha
Nemelex Xobeh
Okawaru
Qazlal
Ru
Trog
Vehumet
Jiyva

Shops:
D:8 :[[(   D:12 [   Orc:1 :   Orc:2 *:(*[   Vaults:2 (   Vaults:3 *
Vaults:4 ?

Portals:
Hell: Depths:1 Depths:2 Depths:3 Depths:4
Abyss: Depths:3
Pandemonium: Depths:2
Ziggurat: Depths:3
Bazaar: Depths:3

Annotations:
D:8 exclusion: 3 oklob plants
D:9 exclusions: obsidian statue and orange crystal statue
D:15 4 transporters
Lair:3 exclusion: oklob plant
Depths:2 1 runed translucent door, exclusion: orange crystal statue
Zot:2 2 exclusions


Innate Abilities, Weirdness & Mutations

You are immune to poison.
Your flesh is cold resistant. (rC+)
You are immune to negative energy. (rN+++)
You are immune to unholy pain and torment.
You are vulnerable to heat. (rF-)
You are strongly in touch with the powers of death.
You do not drink.
You have a special connection with the divine. (Faith)


Message History

There is a stone staircase leading down here.
There is a stone staircase leading up here.
You fly upwards.
There is a stone staircase leading down here.
Magic restored.
A sun demon comes into view.
There is an open door here.
You feel a surge of power!
The entropic shot hits the sun demon!!
The sun demon is almost dead.
You feel a surge of power!
The entropic shot hits the sun demon!!!
The sun demon dissolves into mud!
You kill the sun demon!
You can't see any susceptible monsters within range! (Use Z to cast anyway.)
(D) Dungeon (T) Temple (L) Lair (S) Swamp (N) Spider Nest (M) Slime Pits (O) Orcish Mines (E) Elven Halls (V) Vaults (C) Crypt (U) Depths (H) Hell (Z) Zot
Where to? (Enter - D:1 @ (x,y), ? - help)
You sense a monster nearby.
No target in view!
An Ice Fiend comes into view.
You feel a surge of power!
The entropic shot hits the Ice Fiend!!!
The Ice Fiend is severely wounded.
The Ice Fiend gestures at you. The bolt of cold hits you! You resist.
You feel a surge of power!
The entropic shot hits the Ice Fiend!!!
The Ice Fiend dissolves into mud!
You kill the Ice Fiend!
(D) Dungeon (T) Temple (L) Lair (S) Swamp (N) Spider Nest (M) Slime Pits (O) Orcish Mines (E) Elven Halls (V) Vaults (C) Crypt (U) Depths (H) Hell (Z) Zot
Where to? (Enter - D:1 @ (x,y), ? - help)
There is a large open door here.
There is a large open door here.
HP restored.
There is some mud, summoned here.
There is an open door here.
There is a staircase leading out of the dungeon here.
You have escaped!

#######...#)..#..........# #
#.........#.#.#...#'##..## ##
#.........#####.###.##(.## #.
#...............# #.##...###.
#......)..#.#######..#.#.....
#.........#............#####.
#.......##≈≈≈≈≈≈≈≈≈≈.≈≈≈≈≈≈≈≈
#.......##≈######♣##'##♣#####
#...÷...##≈#@.8#~♣~#'#~♣~#8..
#.......##≈#...##8##.##8##.[.
#.....).##≈#...'.........'...
##########≈#...###8#'#8###...
#≈#8.8##♣##'##♣##8.8
~##'##♣~.....~♣##'#
~~#.##♣.......♣##.#
###.8#.........#8.#
#~#.##...~♣~...##.#


There were no monsters in sight!

Vanquished Creatures
  5 orbs of fire
  3 dread liches
  2 ancient liches
  Josephina (Zot:3)
  Boris (Depths:3)
  Sojobo (Vaults:3)
  6 Killer Klowns
  Frederick (Vaults:5)
  Saint Roka (Vaults:4)
  A curse toe (Zot:3)
  Nikola (Spider:4)
  Jory (Depths:2)
  10 golden dragons
  the Enchantress (Depths:3)
  Arachne (Spider:3)
  4 electric golems
  A Tzitzimitl (Zot:2)
  A Brimstone Fiend (Depths:3)
  18 tentacled monstrosities
  3 Ice Fiends
  27 Orb Guardians
  2 Hell Sentinels
  Jorgrun (D:14)
  Asterion (Vaults:3)
  A walking divine tome (Depths:4)
  7 quicksilver dragons
  3 liches
  2 titans (Vaults:5)
  An ancient champion (Depths:1)
  5 sphinxes
  10 death cobs
  Frances (Swamp:1)
  10 shadow dragons
  16 storm dragons
  8 tengu reavers
  Kirke (Lair:4)
  Donald (Swamp:1)
  12 draconian monks
  A fenstrider witch (Swamp:4)
  12 fire giants
  8 frost giants
  A balrug (Zot:1)
  2 draconian knights
  An iron dragon (Depths:3)
  5 draconian scorchers
  22 vault wardens
  2 deep elf sorcerers (Vaults:5)
  4 emperor scorpions
  7 draconian shifters
  Louise (D:15)
  An angel (D:4)
  The ghost of Frosty the Cleaver, a journeyman DsSu of Yredelemnul (Spider:3)
  5 draconian stormcallers
  8 ghost moths
  4 orc warlords
  3 spriggan defenders (Depths:2)
  17 ironbound preservers
  A cacodemon (D:5)
  7 war gargoyles
  3 draconian annihilators
  A quicksilver ooze (shapeshifter) (Vaults:5)
  A vampire knight (Depths:2)
  8 ironbound thunderhulks
  2 broodmothers
  14 very ugly things
  8 black draconians
  12 yellow draconians
  A deep elf demonologist (Depths:3)
  10 green draconians
  21 stone giants
  5 eleionomae
  6 spark wasps
  2 bunyips
  10 white draconians
  11 dire elephants
  2 deep elf annihilators
  A minotaur (Gauntlet)
  9 purple draconians
  11 red draconians
  12 ettins
  A blizzard demon (Depths:1)
  A merfolk impaler (Depths:1)
  3 crystal guardians
  3 deep elf death magi
  13 fire dragons
  4 jiangshi
  8 yaktaur captains
  6 entropy weavers
  6 great orbs of eyes
  A deep elf high priest (Vaults:5)
  A salamander tyrant (WizLab)
  Erolcha (D:10)
  Harold (D:11)
  A caustic shrike simulacrum (Depths:1)
  3 hell beasts
  3 ghost crabs
  4 rakshasas
  8 ice dragons
  7 peacekeepers
  38 vault guards
  21 hydras
  2 spriggan skeletons (Depths:2)
  10 ironbound frosthearts
  5 radroaches
  13 boulder beetles
  4 jorogumos
  An ogre mage (Vaults:5)
  3 spriggan air magi
  8 alligators
  3 catoblepae
  7 centaur warriors
  6 deep troll shamans
  A two-headed ogre (D:12)
  7 death yaks
  3 orc high priests (Orc:2)
  4 dancing weapons (Zot:2)
  6 deep troll earth magi
  A vampire mage (Depths:4)
  7 spriggan berserkers
  A titan zombie (Vaults:4)
  3 tengu warriors
  A soul eater (D:14)
  6 demonic crawlers
  2 spectral emperor scorpions (Spider:3)
  A fire crab (shapeshifter) (Depths:2)
  A skyshark (Lair:4)
  9 hell knights
  2 sun moths
  3 death drakes
  2 fire crabs
  13 iron trolls
  9 pharaoh ants
  3 sixfirhies
  2 spectral spark wasps (Spider:3)
  7 sun demons
  6 goliath frogs
  3 glowing orange brains
  A shadow demon (D:13)
  4 bog bodies
  5 spriggan druids
  58 deep trolls
  8 orb spiders
  A deep troll (shapeshifter) (Vaults:2)
  A spectral jorogumo (Spider:3)
  10 skeletal warriors
  5 wizards
  A spectral broodmother (Spider:3)
  5 phantasmal warriors
  13 lindwurms
  10 swamp dragons
  3 steelbarb worms
  16 ironbound convokers
  Pikel (D:5)
  43 ugly things
  A harpy (shapeshifter) (D:15)
  5 orc knights
  10 harpies
  10 orc sorcerers
  A spectral radroach (Spider:3)
  16 wolf spiders
  An oklob plant (Lair:1)
  5 will-o-the-wisps
  5 necromancers
  5 deep elf pyromancers
  5 cyclopes
  27 moths of wrath
  Maurice (D:13)
  A salamander (WizLab)
  A toenail golem (D:15)
  8 black mambas
  3 rust devils (D:14)
  An ice statue (Gauntlet)
  A torpor snail (shapeshifter) (Vaults:5)
  8 molten gargoyles
  17 vault sentinels
  12 elephants
  A titan simulacrum (Depths:1)
  A torpor snail (Lair:1)
  7 cane toads
  2 emperor scorpion simulacra (Spider:3)
  An orange demon (D:5)
  8 gargoyles
  A frost giant skeleton (Depths:1)
  2 smoke demons (D:14)
  4 rime drakes
  An unseen horror (D:12)
  2 storm dragon simulacra
  12 komodo dragons
  5 freezing wraiths
  An ice devil (D:14)
  36 yaktaurs
  An efreet (D:15)
  A ghost moth simulacrum (Spider:3)
  7 tengu conjurers
  5 meliai
  A golden dragon simulacrum (Zot:3)
  A polar bear (Lair:2)
  A tormentor (D:12)
  13 trolls
  8 tyrant leeches
  2 bloated husks (Swamp:2)
  10 hornets
  A raiju (shapeshifter) (Vaults:5)
  A hellwing (D:14)
  Prince Ribbit (D:5)
  16 blink frogs
  Grinder (D:3)
  20 tarantellas
  2 dream sheep (Lair:1)
  A dream sheep (shapeshifter) (Vaults:2)
  2 spriggan zombies
  2 large abominations (Gauntlet)
  Sigmund (D:6)
  A centaur simulacrum (D:15)
  28 jumping spiders
  33 culicivoras
  30 slime creatures
  14 spriggans
  A shadow (D:12)
  9 wyverns
  8 basilisks
  3 vampires
  4 wraiths
  53 yaks
  A fire elemental (WizLab)
  6 hogs (Lair:4)
  A fire bat (shapeshifter) (Vaults:2)
  9 water elementals
  A human (shapeshifter) (D:14)
  A red draconian simulacrum (Zot:3)
  70 redbacks
  A hog (shapeshifter) (D:12)
  Grum (D:11)
  2 vampire mosquitoes (Swamp:1)
  A neqoxec (D:14)
  Menkaure (D:5)
  8 steam dragons
  18 swamp worms
  A swamp worm (shapeshifter) (Vaults:5)
  8 hell hounds
  9 wargs
  Duvessa (D:6)
  A floating eye (shapeshifter) (Vaults:5)
  A moth of wrath simulacrum (Zot:3)
  2 floating eyes
  6 small abominations (Gauntlet)
  21 water moccasins
  10 swamp drakes
  A human zombie (Vaults:4)
  37 orc warriors
  2 sky beasts (D:7)
  2 ice beasts
  3 black bears
  22 wolves
  6 ogres
  A lemure (D:6)
  12 centaurs
  2 phantoms
  A kobold brigand (D:11)
  Blork the orc (D:6)
  12 bullfrogs
  A gnoll sergeant (D:4)
  3 scorpions
  A glowing shapeshifter simulacrum (Depths:2)
  A human skeleton (Vaults:4)
  An earth elemental (WizLab)
  10 wights
  Dowan (D:6)
  3 killer bees (D:9)
  5 electric eels
  6 howler monkeys
  5 lava snakes (Lair:5)
  A hound (D:6)
  A jelly (D:5)
  A gnoll bouda (D:6)
  32 orc priests
  Ijyb (D:3)
  2 sleepcaps
  35 orc wizards
  3 iguanas
  5 hell rats (Lair:5)
  2 lightning spires (WizLab)
  Robin (D:3)
  11 gnolls
  7 adders
  A white imp (D:5)
  3 worms
  A dart slug (D:2)
  102 orcs
  5 endoplasms
  2 giant cockroaches
  16 goblins
  15 hobgoblins
  4 quokkas
  10 ball pythons
  6 bats
  5 frilled lizards
  8 kobolds
  8 rats
2037 creatures vanquished.

Vanquished Creatures (collateral kills)
  A fire giant (Depths:3)
  A hydra (Swamp:4)
  A black mamba (Lair:5)
  A swamp drake (Swamp:4)
  2 iguanas (D:7)
  A frilled lizard (D:7)
7 creatures vanquished.

Vanquished Creatures (others)
  A ghost moth (Spider:3)
  A hydra (Swamp:4)
  A lindwurm (Swamp:4)
  A bloated husk (Swamp:1)
  A steam dragon (Swamp:4)
  A swamp drake (Swamp:4)
  An orc wizard (Orc:2)
  An orc (D:8)
  4 foxfires (Swamp:2)
  4 fulminant prisms
16 creatures vanquished.

Grand Total: 2060 creatures vanquished

Notes
Turn   | Place    | Note
-------+----------+-------------------------------------------
     0 | D:1      | NoAnimeNoLife the Mummy Earth Elementalist began the quest
                  | for the Orb.
     0 | D:1      | Reached XP level 1. HP: 13/13 MP: 4/4
   148 | D:1      | Reached skill level 3 in Spellcasting
   149 | D:1      | Reached XP level 2. HP: 3/19 MP: 0/6
   457 | D:1      | Found a faded altar of an unknown god.
   637 | D:1      | Prayed at the altar of an unknown god.
   637 | D:1      | Became a worshipper of Ashenzari the Shackled
   641 | D:1      | Reached skill level 1 in Conjurations
  1236 | D:2      | Gained mutation: You are in touch with the powers of death.
                  | [Mummy growth]
  1236 | D:2      | Reached XP level 3. HP: 24/24 MP: 4/7
  1396 | D:2      | Reached * piety under Ashenzari
  1396 | D:2      | Identified a scroll of acquirement
  1397 | D:2      | Acquired the +2 hat "Awetwuv" {Harm Regen+ Str+2}
  2033 | D:2      | Reached ** piety under Ashenzari
  2390 | D:3      | Reached XP level 4. HP: 30/30 MP: 4/9
  2500 | D:3      | Found a radiant altar of Vehumet.
  2505 | D:3      | Reached skill level 4 in Spellcasting
  2762 | D:3      | Noticed Ijyb
  2821 | D:2      | Learned a level 3 spell: Stone Arrow
  2911 | D:3      | Found a bloodstained altar of Trog.
  3110 | D:3      | Noticed Grinder
  3122 | D:3      | Killed Grinder
  3123 | D:3      | Reached skill level 5 in Spellcasting
  3123 | D:3      | Reached XP level 5. HP: 35/35 MP: 2/12
  3123 | D:3      | Reached XP level 6. HP: 41/41 MP: 2/13
  3378 | D:3      | Noticed Robin
  3402 | D:3      | Killed Robin
  3777 | D:3      | Killed Ijyb
  4636 | D:4      | You fall into a shaft and drop 3 floors!
  4653 | D:7      | Identified the +6 scale mail "Diletuz" {rPois}
  4798 | D:6      | Noticed Blork the orc
  4804 | D:5      | Entered Level 5 of the Dungeon
  5004 | D:5      | Noticed Prince Ribbit
  5009 | D:5      | Killed Prince Ribbit
  5010 | D:5      | Reached skill level 6 in Spellcasting
  5010 | D:5      | Reached XP level 7. HP: 34/46 MP: 5/16
  5555 | D:4      | Found a staircase to the Ecumenical Temple.
  5827 | D:5      | Reached skill level 5 in Earth Magic
  5834 | D:5      | Reached *** piety under Ashenzari
  5920 | D:5      | Reached skill level 7 in Spellcasting
  6124 | D:5      | Reached XP level 8. HP: 48/52 MP: 14/18
  6235 | D:5      | Found an ancient bone altar of Kikubaaqudgha.
  6236 | D:5      | Noticed Menkaure
  6239 | D:5      | Killed Menkaure
  6497 | D:6      | HP: 2/52 [steam dragon (8)]
  6697 | D:4      | Reached **** piety under Ashenzari
  6894 | D:6      | Noticed Sigmund
  6902 | D:6      | Noticed Pikel
  6903 | D:6      | Killed Sigmund
  6904 | D:6      | Reached skill level 8 in Spellcasting
  6904 | D:6      | Reached skill level 5 in Conjurations
  6944 | D:5      | Killed Pikel
  6945 | D:5      | Reached XP level 9. HP: 57/57 MP: 4/21
  7176 | D:6      | Reached skill level 9 in Spellcasting
  7344 | D:6      | Noticed Dowan
  7345 | D:6      | Noticed Duvessa
  7354 | D:6      | Killed Duvessa
  7355 | D:6      | Killed Dowan
  7469 | D:6      | Killed Blork the orc
  8082 | D:7      | Learned a level 3 spell: Mephitic Cloud
  8088 | D:7      | Reached skill level 1 in Transmutations
  8117 | D:7      | Reached skill level 10 in Spellcasting
  8847 | D:7      | Noticed a komodo dragon
  8884 | D:7      | Killed a komodo dragon
  8885 | D:7      | Reached XP level 10. HP: 63/63 MP: 14/24
  8891 | D:7      | Learned a level 5 spell: Irradiate
  9005 | D:7      | Reached skill level 11 in Spellcasting
  9072 | D:7      | Found a blossoming altar of Fedhas.
  9077 | D:7      | Found a stormy altar of Qazlal.
  9087 | D:7      | Found a shadowy altar of Dithmenos.
  9090 | D:7      | Found an iron altar of Okawaru.
  9240 | D:8      | Found Simue's Book Boutique.
  9612 | D:8      | Noticed an oklob plant
  9685 | D:8      | Found Roimojebb's Weapon Boutique.
  9717 | D:8      | Noticed an oklob plant
  9865 | D:8      | Found Naethridy's Antique Armour Emporium.
  9871 | D:8      | Bought a pair of distressingly furry gloves for 294 gold
                  | pieces
  9871 | D:8      | Identified the +0 pair of gloves "Yzxest Genee" {Str+3
                  | Dex+10} (You bought it in a shop on level 8 of the Dungeon)
 10011 | D:8      | Noticed an oklob plant
 10075 | D:8      | Found Rokuz's Armour Shop.
 10089 | D:8      | Reached skill level 1 in Fighting
 10100 | D:8      | Reached skill level 1 in Armour
 11040 | D:9      | Noticed an orange crystal statue
 11319 | D:9      | Noticed an obsidian statue
 11456 | D:10     | Entered Level 10 of the Dungeon
 11618 | D:10     | Found a staircase to the Lair.
 11781 | D:10     | Reached XP level 11. HP: 81/81 MP: 17/28
 11789 | D:10     | Noticed Erolcha
 11876 | D:10     | Killed Erolcha
 12096 | D:10     | Reached skill level 5 in Fighting
 12484 | D:11     | Noticed a boulder beetle
 12558 | D:11     | Noticed a boulder beetle
 12566 | D:11     | Killed a boulder beetle
 12662 | D:11     | Noticed a boulder beetle
 12669 | D:11     | Killed a boulder beetle
 12670 | D:11     | Reached skill level 5 in Dodging
 12739 | D:11     | Noticed Harold
 12748 | D:11     | Killed Harold
 12751 | D:11     | Noticed a boulder beetle
 12841 | D:11     | Killed a boulder beetle
 12842 | D:11     | Reached skill level 5 in Armour
 13013 | D:11     | Noticed Grum
 13019 | D:11     | Killed Grum
 13095 | D:11     | Identified the +6 chain mail of the Eight Servitors {rElec
                  | rC+ Str+2 Dex+3}
 13716 | D:11     | Found a staircase to the Orcish Mines.
 13847 | D:11     | Killed a boulder beetle
 14350 | D:11     | Acquired a +2 buckler of fire resistance
 14356 | D:11     | Reached ***** piety under Ashenzari
 14478 | D:12     | Reached XP level 12. HP: 97/97 MP: 12/29
 14557 | D:12     | Noticed a two-headed ogre
 14564 | D:12     | Killed a two-headed ogre
 14585 | D:12     | Found a gate leading to a gauntlet.
 14590 | Gauntlet | Entered a Gauntlet
 14590 | Gauntlet | Found a transporter.
 14720 | Gauntlet | Found a transporter.
 14735 | Gauntlet | Found a transporter.
 14740 | Gauntlet | Found a transporter.
 14757 | Gauntlet | Found a transporter.
 14775 | Gauntlet | Identified the +1 hat of Responsibility {rC+}
 14776 | Gauntlet | Found a transporter.
 14786 | Gauntlet | Identified the +7 quarterstaff of Day {elec, *Rage rCorr
                  | Int+5 Stlth+}
 14788 | Gauntlet | Found a transporter.
 14789 | Gauntlet | Identified the ring "Daususchewys" {Fly rElec rPois Str+3
                  | Int-4}
 14800 | Gauntlet | Found a transporter.
 14801 | Gauntlet | Identified the ring of Memny {*Corrode rF+ rC+ MP+9}
 14808 | Gauntlet | Noticed an entropy weaver
 14812 | Gauntlet | Found a transporter.
 14822 | Gauntlet | Identified the ring of Music {Str+6 Dex+3}
 14824 | Gauntlet | Found a transporter.
 14843 | Gauntlet | Found a transporter.
 14858 | Gauntlet | Found a transporter.
 14860 | Gauntlet | Found a transporter.
 14887 | Gauntlet | Found a transporter.
 14907 | Gauntlet | Found a transporter.
 15003 | Gauntlet | Found a transporter.
 15119 | Gauntlet | Found a transporter.
 15119 | Gauntlet | Found a transporter.
 15778 | Gauntlet | Identified the ring "Tomec" {Fly rC+ Will+ Str+2 Dex+3}
 15778 | Gauntlet | Noticed a minotaur
 15782 | Gauntlet | Killed a minotaur
 15904 | D:12     | Reached skill level 12 in Spellcasting
 15906 | D:12     | Noticed a boulder beetle
 15907 | D:12     | Noticed a boulder beetle
 15910 | D:12     | Killed a boulder beetle
 15934 | D:12     | Killed a boulder beetle
 16068 | D:12     | Reached skill level 13 in Spellcasting
 16096 | D:12     | Identified the scarf of Masochism {+Inv, Harm Str+3}
 16220 | D:12     | Found Kanat's Armour Boutique.
 16533 | D:12     | Noticed a centaur warrior
 17214 | D:12     | Killed a centaur warrior
 17358 | D:12     | Gained mutation: You are strongly in touch with the powers
                  | of death. [Mummy growth]
 17358 | D:12     | Reached XP level 13. HP: 103/103 MP: 24/32
 17411 | Lair:1   | Entered Level 1 of the Lair of Beasts
 17417 | Lair:1   | Learned a level 4 spell: Fulminant Prism
 17510 | Lair:1   | Reached skill level 1 in Poison Magic
 17951 | Lair:1   | Learned a level 4 spell: Olgreb's Toxic Radiance
 18575 | Lair:1   | Reached skill level 14 in Spellcasting
 19282 | Lair:2   | Identified the +9 scimitar "Betoliow" {antimagic, Drain
                  | Dex+5}
 19389 | Lair:2   | Found a hole to the Spider Nest.
 19437 | Lair:2   | Reached skill level 15 in Spellcasting
 19603 | Lair:2   | Found a staircase to the Swamp.
 20449 | Lair:3   | Reached skill level 16 in Spellcasting
 20524 | Lair:3   | Learned a level 5 spell: Arcjolt
 20534 | Lair:3   | Learned a level 3 spell: Vhi's Electric Charge
 20592 | Lair:3   | Reached skill level 1 in Evocations
 21352 | Lair:4   | Reached skill level 5 in Evocations
 21625 | Lair:4   | Reached XP level 14. HP: 103/115 MP: 32/38
 22163 | Lair:4   | Reached skill level 1 in Shields
 22243 | Lair:4   | Noticed Kirke
 22250 | Lair:4   | Killed Kirke
 22938 | Lair:5   | Entered Level 5 of the Lair of Beasts
 22938 | Lair:5   | Found a staircase to the Slime Pits.
 23288 | Lair:5   | Found a viscous altar of Jiyva.
 23713 | Lair:5   | Reached skill level 10 in Fighting
 24075 | Lair:5   | Reached skill level 5 in Shields
 24788 | Lair:5   | Identified the +1 leather armour of Mutualism {Int+3}
 24792 | Lair:5   | Found a large runed translucent door.
 24792 | Lair:5   | Found a large runed translucent door.
 25369 | Orc:1    | Entered Level 1 of the Orcish Mines
 25748 | Orc:2    | Entered Level 2 of the Orcish Mines
 25748 | Orc:2    | Found a staircase to the Elven Halls.
 25748 | Orc:2    | Found Tiot's Assorted Antiques.
 25749 | Orc:2    | Noticed an orc warlord
 25760 | Orc:2    | Killed an orc warlord
 25761 | Orc:2    | Reached XP level 15. HP: 119/129 MP: 16/39
 27182 | Orc:1    | Found Dusat's Book Shoppe.
 27790 | Orc:2    | Found Lugit's Antique Armour Shop.
 27791 | Orc:2    | Found Ukkiocki's Antique Weapon Shop.
 27793 | Orc:2    | Found Noneazief's General Store.
 27793 | Orc:2    | Found Hill's Book Boutique.
 27800 | Orc:2    | Bought a book of the Earth for 850 gold pieces
 27807 | Orc:2    | Learned a level 5 spell: Borgnjor's Vile Clutch
 27814 | Orc:2    | Learned a level 6 spell: Leda's Unmaking
 27842 | Orc:2    | Reached skill level 1 in Necromancy
 28112 | Spider:1 | Entered Level 1 of the Spider Nest
 28546 | Spider:1 | Identified the +7 chain mail "Ynossiuc" {rF+}
 28555 | Spider:1 | Reached skill level 5 in Necromancy
 30553 | Spider:2 | Reached XP level 16. HP: 136/136 MP: 40/40
 30555 | Spider:2 | Reached skill level 10 in Necromancy
 31441 | Spider:3 | Reached skill level 5 in Stealth
 32432 | Spider:3 | Found a runed translucent gate.
 32432 | Spider:3 | Found a runed translucent gate.
 32432 | Spider:3 | Found a runed translucent gate.
 32931 | Spider:3 | Noticed Frosty's ghost (journeyman DsSu)
 32932 | Spider:3 | Identified the +7 mace of the Wilderness {spect, Fragile
                  | +Blink Dex+8}
 32948 | Spider:3 | Killed Frosty's ghost
 33126 | Spider:4 | Entered Level 4 of the Spider Nest
 33126 | Spider:4 | Noticed Arachne
 33136 | Spider:3 | Killed Arachne
 33195 | Spider:4 | Noticed Nikola
 33210 | Spider:4 | Killed Nikola
 34425 | Spider:3 | HP: 7/140 [ghost moth (1)]
 34891 | Spider:3 | Reached XP level 17. HP: 146/146 MP: 39/42
 34921 | Spider:3 | Reached skill level 17 in Spellcasting
 35228 | Spider:4 | Identified the +2 hat of Yredelemnul's Pride {rF+ Dex+3}
 35236 | Spider:4 | Got a gossamer rune of Zot
 35396 | Swamp:1  | Entered Level 1 of the Swamp
 35402 | Swamp:1  | Noticed Frances
 35411 | Swamp:1  | Killed Frances
 35531 | Swamp:1  | Identified the +0 plate armour "Vuyra" {-Tele Rampage Fly
                  | rCorr}
 35664 | Swamp:1  | Noticed Donald
 35671 | Swamp:1  | Killed Donald
 37334 | Swamp:3  | Noticed a tentacled monstrosity
 37600 | Orc:2    | Bought a book of the Spheres for 918 gold pieces
 37608 | Orc:2    | Learned a level 7 spell: Orb of Destruction
 37945 | Swamp:3  | Killed a tentacled monstrosity
 38015 | Swamp:3  | Reached skill level 10 in Conjurations
 38446 | Swamp:4  | Entered Level 4 of the Swamp
 39177 | Swamp:4  | Reached XP level 18. HP: 141/153 MP: 26/44
 39394 | Swamp:4  | Got a decaying rune of Zot
 40041 | D:13     | Identified the +0 mace "Roplakol" {freeze, rPois Will-
                  | rCorr}
 40042 | D:13     | Found a runed translucent door.
 40202 | D:13     | Noticed Maurice
 40210 | D:13     | Killed Maurice
 40340 | D:13     | Found a gate to the Vaults.
 40380 | D:13     | Reached ****** piety under Ashenzari
 40419 | D:13     | Found a sparkling altar of Nemelex Xobeh.
 41029 | D:14     | Found a sacrificial altar of Ru.
 41624 | D:14     | Noticed Jorgrun
 41628 | D:14     | Killed Jorgrun
 41845 | D:15     | Entered Level 15 of the Dungeon
 42226 | D:15     | Found a transporter.
 42241 | D:15     | Found a transporter.
 42260 | D:15     | Found a transporter.
 42328 | D:15     | Noticed Louise
 42343 | D:15     | Killed Louise
 42847 | D:15     | Found a staircase to the Depths.
 43103 | D:15     | Found a transporter.
 43184 | Vaults:1 | Entered Level 1 of the Vaults
 44314 | Vaults:1 | Reached XP level 19. HP: 118/170 MP: 24/46
 44724 | Vaults:2 | Reached skill level 1 in Air Magic
 44844 | Vaults:2 | Found Tugh's Weapon Emporium.
 45260 | Vaults:2 | Reached skill level 5 in Air Magic
 45822 | Vaults:2 | Reached skill level 1 in Fire Magic
 45959 | Vaults:2 | Found the +5 glaive of the Guard {elec, spectral, AC+5}
 46580 | Vaults:2 | Learned a level 6 spell: Plasma Beam
 47273 | Vaults:3 | Noticed Asterion
 47281 | Vaults:3 | Killed Asterion
 48207 | Vaults:3 | Found a staircase to the Crypt.
 48216 | Vaults:3 | Reached XP level 20. HP: 158/180 MP: 28/47
 48370 | Vaults:3 | Found Xuomode's General Store.
 48457 | Vaults:3 | Noticed Sojobo
 48461 | Vaults:3 | Killed Sojobo
 48596 | Vaults:3 | Reached skill level 10 in Earth Magic
 49219 | Vaults:4 | Learned a level 8 spell: Lehudib's Crystal Spear
 49309 | Vaults:4 | Found a magical portal.
 49316 | WizLab   | Entered Maxwell's Workshop
 49418 | WizLab   | Found the +15 Maxwell's patent armour {-Cast -Tele rElec
                  | Will+ rCorr}
 49418 | WizLab   | Identified the ring of Vehumet's Hatred {Ice Fly Will+++
                  | Str-3}
 49860 | WizLab   | Identified the +0 pair of boots of Xatuetis {rElec Regen+}
 50581 | Vaults:4 | Found Naymnen's Magic Scroll Shop.
 50589 | Vaults:4 | Bought a scroll of acquirement for 1144 gold pieces
 50589 | Vaults:4 | Acquired 1042 gold pieces
 50593 | Vaults:4 | Bought a scroll of blinking for 165 gold pieces
 50593 | Vaults:4 | Bought a scroll of summoning for 209 gold pieces
 50593 | Vaults:4 | Bought a scroll of blinking for 165 gold pieces
 50593 | Vaults:4 | Bought a scroll of blinking for 165 gold pieces
 50593 | Vaults:4 | Bought 2 scrolls of teleportation for 132 gold pieces
 50593 | Vaults:4 | Bought a scroll of teleportation for 66 gold pieces
 50593 | Vaults:4 | Bought a scroll of teleportation for 66 gold pieces
 50914 | Vaults:4 | Noticed a golden dragon
 50916 | Vaults:4 | Killed a golden dragon
 51096 | Vaults:4 | Noticed Saint Roka
 51101 | Vaults:4 | Killed Saint Roka
 51300 | Vaults:4 | Identified the +0 leather armour of the Eternal Fruit
                  | {Int+4}
 51943 | Vaults:5 | Entered Level 5 of the Vaults
 52059 | Vaults:5 | Noticed an ancient lich
 52060 | Vaults:5 | Identified the +10 great sword of Poverty {heavy, +Blink
                  | Fly Str-5 Stlth-}
 52108 | Vaults:5 | Killed an ancient lich
 52129 | Vaults:5 | Reached skill level 18 in Spellcasting
 52198 | Vaults:5 | Identified the +9 scimitar of Wu Jian, Enfolding {flame,
                  | rPois Int+3}
 52198 | Vaults:5 | Identified the ring "Lirimenn" {AC+4 Str+3 Dex+3}
 52381 | Vaults:5 | Reached XP level 21. HP: 184/184 MP: 7/48
 52432 | Vaults:5 | Noticed a dread lich
 52499 | Vaults:5 | Killed a dread lich
 52567 | Vaults:5 | Reached skill level 19 in Spellcasting
 52651 | Vaults:5 | Identified the +4 lajatang "Cyxeoj" {flame, Will+ Int+3}
 52651 | Vaults:5 | Identified the ring "Offoimut" {rC+ rCorr}
 53313 | Vaults:5 | Reached skill level 20 in Spellcasting
 53317 | Vaults:5 | Identified the staff of cold "Sanguh" {rF+++ rC+ rCorr
                  | Str+4 Int-4}
 53317 | Vaults:5 | Identified the staff of death "Wastabez" {rN+ Str+4}
 53553 | Vaults:5 | Identified the +5 whip of Instinct {freeze, Str+6}
 53584 | Vaults:5 | Identified Iveefa's Verses on Chilblains
 53601 | Vaults:5 | Reached skill level 1 in Ice Magic
 53713 | Vaults:5 | Paralysed by a floating eye for 3 turns
 54301 | Vaults:5 | Reached skill level 5 in Ice Magic
 54383 | Vaults:5 | Got a silver rune of Zot
 54924 | Vaults:5 | Noticed Frederick
 54934 | Vaults:5 | Killed Frederick
 55279 | Vaults:5 | Learned a level 7 spell: Ozocubu's Refrigeration
 55498 | Depths:1 | Entered Level 1 of the Depths
 56346 | Depths:1 | Reached XP level 22. HP: 194/194 MP: 49/52
 56654 | Depths:1 | Reached skill level 15 in Fighting
 56734 | Depths:1 | Found a gateway to Hell.
 57265 | Depths:2 | Identified the ring "Udghopau" {MP+9 Stlth+}
 57266 | Depths:2 | Found a one-way gate leading to the halls of Pandemonium.
 57999 | Depths:2 | Found a runed translucent door.
 58534 | Depths:3 | Noticed Boris
 58657 | Depths:3 | Killed Boris
 58856 | Depths:3 | Noticed Jory
 58864 | Depths:2 | Killed Jory
 58910 | Depths:3 | Noticed the Enchantress
 59054 | Depths:3 | Killed the Enchantress
 59419 | Depths:3 | Found a gateway to a bazaar.
 59437 | Depths:3 | Found a one-way gateway to a ziggurat.
 59679 | Depths:3 | Found a one-way gate to the infinite horrors of the Abyss.
 60329 | Depths:4 | Entered Level 4 of the Depths
 60807 | Depths:4 | Identified Fappaj's Secrets of Vile Bewitchment
 60894 | Depths:4 | Reached XP level 23. HP: 192/215 MP: 18/53
 61455 | Depths:4 | Found a gate to the Realm of Zot.
 61525 | Depths:4 | Reached skill level 15 in Conjurations
 62153 | Zot:1    | Entered Level 1 of the Realm of Zot
 63031 | Zot:1    | Learned a level 3 spell: Swiftness
 63081 | Zot:1    | Identified the +6 scale mail of Gehenna {Harm Drain Will-
                  | Dex+9}
 63144 | Zot:1    | Noticed an orb of fire
 63147 | Zot:1    | Killed an orb of fire
 64142 | Zot:2    | Identified the +4 orcbow of Disharmony {heavy, Fly Int+6}
 64511 | Zot:2    | Noticed an ancient lich
 64788 | Zot:2    | Killed an ancient lich
 64879 | Zot:2    | Identified Qustroit's Compilation of Sweltering Despair
 65051 | Zot:2    | Found a stormy altar of Qazlal.
 65276 | Zot:2    | Reached XP level 24. HP: 220/222 MP: 53/53
 65712 | Zot:3    | Identified the ring "Iwein" {Ice Str+3 Int+3 Stlth+}
 65712 | Zot:3    | Noticed Josephina
 65728 | Zot:3    | Killed Josephina
 67420 | Zot:4    | Reached skill level 10 in Evocations
 68088 | Zot:5    | Entered Level 5 of the Realm of Zot
 68150 | Zot:5    | Reached skill level 10 in Dodging
 68283 | Zot:5    | Identified the +0 chain mail of Depression {rPois SInv}
 68307 | Zot:5    | Identified the +1 scale mail "Cunarch" {rN+ rCorr}
 68369 | Zot:5    | Identified Qulofopp's Volume of Charming Amathomancy
 68508 | Zot:5    | Noticed a Killer Klown
 68525 | Zot:5    | Killed a Killer Klown
 68811 | Zot:5    | Noticed a dread lich
 68827 | Zot:5    | Killed a dread lich
 68895 | Zot:5    | Noticed a Killer Klown
 68928 | Zot:5    | Noticed a Killer Klown
 69037 | Zot:5    | Killed a Killer Klown
 69038 | Zot:5    | Noticed an orb of fire
 69167 | Zot:4    | Killed a Killer Klown
 69196 | Zot:4    | Killed an orb of fire
 69257 | Zot:5    | Noticed a Killer Klown
 69449 | Zot:5    | Killed a Killer Klown
 69454 | Zot:5    | Noticed an orb of fire
 69457 | Zot:5    | Killed an orb of fire
 69672 | Zot:5    | Noticed a Killer Klown
 69672 | Zot:5    | Noticed an orb of fire
 69685 | Zot:5    | Killed an orb of fire
 69689 | Zot:5    | Killed a Killer Klown
 69770 | Zot:5    | Noticed a Killer Klown
 69772 | Zot:5    | Reached XP level 25. HP: 229/229 MP: 53/53
 69778 | Zot:5    | Noticed a dread lich
 69781 | Zot:5    | Noticed an orb of fire
 69797 | Zot:4    | Killed an orb of fire
 69858 | Zot:5    | Killed a dread lich
 69902 | Zot:5    | Killed a Killer Klown
 70854 | Zot:5    | Got the Orb of Zot
 71402 | D:5      | Reached skill level 15 in Dodging
 71418 | D:5      | Noticed a seraph
 71589 | D:$      | Escaped with the Orb!

Illustrated notes

Levels and vault maps discovered:
D:1:      saegor_arrival_fortress, layout_basic,
          nicolae_ecumenical_snake_handling, minmay_split_cup_large
D:2:      layout_basic, minmay_vboxes
D:3:      layout_basic, mainiacjoe_overflow_cross_hatched,
          trog_three_pillars_becter, minmay_misc_feat_rugged,
          minmay_fractal_squares_5, uniq_robin, uniq_grinder, uniq_ijyb
D:4:      layout_basic, temple_hall
D:5:      layout_basic, nicolae_overflow_crystal_walls, uniq_prince_ribbit1,
          uniq_menkaure
D:6:      layout_basic, minmay_misc_feat_more_columns, minivault_19, uniq_pikel,
          uniq_sigmund, uniq_blork_the_orc, uniq_duvessa
D:7:      layout_loops_ring, minmay_overflow_temple_star_hex, minmay_lizard_king
D:8:      layout_loops_ring, mainiacjoe_overflow_alcove_2, serial_shops,
          shop_statue, nicolae_shop_behind_doors, shop, shop, disabler_island
D:9:      minmay_separated_statues, layout_stronghold, tso_oasis_becter,
          minmay_misc_feat_secret_circle
D:10:     layout_basic, david_lair_shrubbed, uniq_erolcha
D:11:     layout_irregular_city, hiddenorc1_lemuel, minmay_between, uniq_grum,
          uniq_harold
D:12:     kennysheep_big_flooded_room, layout_cave_pools,
          gauntlet_entry_generic, serial_shops, shop, minmay_pinched_square
D:13:     cheibrodos_shockbox, layout_grid_maze, david_vaults_5,
          nemelex_spade_bored_becter, uniq_maurice
D:14:     minmay_distorted_concentric_squares, layout_basic, serial_demonic,
          serial_demonic_f, serial_demonic_c, serial_demonic_e,
          serial_demonic_d, serial_demonic_g, serial_demonic_d,
          nicolae_ru_sacrificial_ziggurat, uniq_jorgrun
D:15:     grunt_enter_depths_snipers, layout_stronghold, minivault_24,
          nicolae_transporter_intersection, uniq_louise
Lair:1:   minmay_lair_oklob_chamber, layout_layer_cave, grunt_megastairs_3,
          serial_bayou_shore_b
Lair:2:   layout_big_grid, palyth_hydra_swamp_entry, spider_nest_entry_webs,
          lemuel_fruit_fields
Lair:3:   layout_long_grid, columned_hall_lemuel
Lair:4:   layout_regular_city, grunt_megastairs_2, infiniplex_staircase_pool,
          uniq_kirke
Lair:5:   cheibrodos_lair_end_hotspot, layout_big_grid, slime_entry_1,
          lookout_lair_type, minivault_23, serial_bayou_crossing
Swamp:1:  layout_basic_swamp, evilmike_swamp_ruin_house_2, swamp_pool2,
          nicolae_swamp_drake_lake, uniq_donald, uniq_frances
Swamp:2:  layout_basic_swamp, nicolae_swamp_stair_fork, swamp_pool1,
          hangedman_swamp_cone
Swamp:3:  layout_basic_swamp, evilmike_swamp_ruin_house_6
Swamp:4:  swamp_fiery, layout_basic_swamp, swamp_pool2,
          nicolae_swamp_little_tower
Spider:1: layout_spider_delve
Spider:2: layout_spider_delve
Spider:3: layout_chambers, gammafunk_ghost_necromancy,
          nicolae_spider_wall_of_niches
Spider:4: grunt_spider_rune_parallel, einodemon_crawler_minivault, uniq_nikola,
          uniq_arachne
Orc:1:    layout_diamond_mine, serial_shops, nicolae_shop_back_alley_shop,
          basic_altar
Orc:2:    st_orc_congregation, layout_caves, serial_shops, shop
Vaults:1: grunt_vaults_funnel, nicolae_vaults_holding_cells,
          nicolae_vaults_house_3, vaults_mumra_lcd, vaults_dpeg_encased_lava,
          v_pattern_3, nicolae_vaults_sealed_display, ontoclasm_vaults_ligature,
          v_rooms_6, vaults_dpeg_ring, nicolae_vaults_mini_display_case,
          nicolae_vaults_wine_cellar, nicolae_vaults_tetromino_T_2,
          layout_vaults_omnicross
Vaults:2: nicolae_vaults_storage_room_statues, ontoclasm_vaults_spin, v_misc_29,
          hangedman_vaults_snaps, ontoclasm_vaults_loading_screen, v_misc_29,
          dpeg_vaults_monster_box, minmay_guarded_unrand_guard_vaults,
          v_misc_19, nicolae_vaults_tetromino_L_1, hangedman_vaults_slice,
          v_misc_15, ontoclasm_vaults_misaligned, v_alt_pattern_1,
          ontoclasm_vaults_claustrophobia, nicolae_vaults_storage_room_doors,
          layout_vaults_maze
Vaults:3: nicolae_vaults_trapezoid_lopsided_3, minmay_crypt_entry_simple_plaza,
          hangedman_vaults_river_flow, ontoclasm_vaults_pinch,
          nicolae_vaults_enemy_cabinets, vaults_room_pools,
          nicolae_vaults_surprise_closet, hangedman_vaults_restitches,
          nicolae_vaults_trapezoid_lopsided_3, layout_vaults_omnigrid,
          serial_shops, nicolae_shop_waterfront, uniq_asterion, uniq_sojobo
Vaults:4: mu_enter_wizlab_6, nicolae_vaults_mitosis, v_rooms_5, st_more_cells,
          grunt_vaults_hallway_long, vaults_room_hallway,
          nicolae_vaults_storage_closets_3, nicolae_vaults_frosty_reception,
          nicolae_vaults_specimen_jars, ontoclasm_vaults_ring_small,
          nicolae_vaults_trapezoid_4, layout_vaults_ring, serial_shops, shop,
          uniq_saint_roka
Vaults:5: serial_shops, uniq_frederick
Depths:1: layout_basic, hangedman_decor_points, grunt_mini_vestibule,
          kennysheep_big_empty_room, grunt_ministairs_4, nooodl_orcs_dogs
Depths:2: minmay_open_boxes_in_corner, layout_cave_shapes, minivault_14,
          pan_entry, pf_coc_iceberg, minmay_crystal_box,
          infiniplex_staircase_zigzag_2
Depths:3: nicolae_BIG_FREAKIN_CUBE, layout_cave_pools, enter_ziggurat_a,
          serial_shops, statue_bzr, grunt_hell_entry_dis_grunt,
          nicolae_abyss_entry_one_way_or_another, chequers_decorated_corner,
          uniq_jory, uniq_boris, uniq_enchantress
Depths:4: grunt_zot_entry_hairpin, layout_cave_pools, hell_entry,
          serial_co_window_serial, co_window_paths_a, co_window_paths_a,
          co_window_paths_b, co_window_of_opportunity_a, co_window_corner_a,
          co_window_broadway_c, co_window_unsneaky_path_a, co_window_cross_4,
          co_window_unsneaky_path_b, co_window_2corner, co_window_corner_b,
          co_window_corner_cb, glass_columns_c, glass_columns_a,
          glass_columns_c, glass_columns_a
Zot:1:    layout_gridlike
Zot:2:    regret_index_qazlal_generations, layout_cellular_growth
Zot:3:    layout_gridlike, uniq_josephina
Zot:4:    layout_concentric_octagons, bh_zot_levy_curve
Zot:5:    layout_twisted_circle

Skill      XL: |  1  2  3  4  5  6  7  8  9 10 11 12 13 14 15 16 17 18 19 20 21 22 23 24 25 |
---------------+----------------------------------------------------------------------------+-----
Spellcasting   | 3 5 6 7 8 10 11 13 16 17 18 20 | 20.3
Conjurations   | 1 2 3 4 5 6 8 9 12 14 18 19 | 19.0
Earth Magic    | 3 4 5 6 9 12 | 12.2
Transmutations | 3 |  3.3
Fighting       | 4 7 8 11 14 19 | 19.3
Armour         | 3 6 |  6.6
Dodging        | 4 6 9 12 15 | 15.1
Poison Magic   | 3 |  3.2
Evocations     | 5 6 8 10 | 10.7
Shields        | 6 7 |  7.3
Stealth        | 2 9 |  9.8
Necromancy     | 9 10 | 10.0
Air Magic      | 6 |  6.6
Fire Magic     | 4 |  4.4
Ice Magic      | 8 |  8.9

Action                     |  1- 3 |  4- 6 |  7- 9 | 10-12 | 13-15 | 16-18 | 19-21 | 22-24 | 25-27 || total
---------------------------+-------+-------+-------+-------+-------+-------+-------+-------+-------++-------
  Melee: Dagger            |    22 |    25 |       |       |       |       |       |       |       ||    47
         Unarmed           |     4 |       |       |       |       |       |       |       |       ||     4
         Punch             |     1 |       |       |       |       |       |       |       |       ||     1
         Staff             |       |       |       |    10 |    42 |    37 |    48 |    72 |     2 ||   211
   Cast: Sandblast         |    74 |   130 |    53 |     3 |       |       |       |       |       ||   260
         Stone Arrow       |       |    13 |    70 |   213 |   422 |       |       |       |       ||   718
         Irradiate         |       |       |       |    34 |    37 |    43 |    20 |    30 |     4 ||   168
         Mephitic Cloud    |       |       |       |     5 |       |       |     3 |       |       ||     8
         Olgreb's Toxic Ra |       |       |       |       |   113 |    60 |    41 |       |       ||   214
         Fulminant Prism   |       |       |       |       |     2 |     2 |       |       |       ||     4
         Leda's Unmaking   |       |       |       |       |    54 |   453 |   454 |   590 |    71 ||  1622
         Arcjolt           |       |       |       |       |     1 |    30 |    21 |       |       ||    52
         Borgnjor's Vile C |       |       |       |       |       |     8 |     4 |     5 |     2 ||    19
         Orb of Destructio |       |       |       |       |       |     7 |    98 |    45 |    14 ||   164
         Plasma Beam       |       |       |       |       |       |       |    36 |    31 |       ||    67
         Lehudib's Crystal |       |       |       |       |       |       |     5 |     7 |    16 ||    28
         Ozocubu's Refrige |       |       |       |       |       |       |     4 |    83 |     2 ||    89
         Swiftness         |       |       |       |       |       |       |       |     1 |     1 ||     2
 Invoke: Curse Item        |     3 |     1 |     4 |     3 |     2 |     2 |     1 |       |       ||    16
         Shatter the Chain |       |     1 |     1 |     2 |       |     1 |     1 |       |       ||     6
  Evoke: Wand              |       |       |     4 |     9 |     3 |    12 |    11 |    10 |       ||    49
         Phantom mirror    |       |       |       |       |     1 |     4 |       |     2 |       ||     7
         Phial of floods   |       |       |       |       |     1 |     3 |     1 |     1 |       ||     6
         Condenser vane    |       |       |       |       |       |       |     1 |     1 |       ||     2
    Use: Scroll            |     1 |     7 |       |     3 |     1 |     5 |    13 |     7 |     3 ||    40
   Stab: Distracted        |       |       |       |       |     1 |     1 |       |     1 |       ||     3
 Armour: Robe              |    15 |    22 |       |       |       |       |       |       |       ||    37
         Animal skin       |       |    11 |     7 |    20 |    88 |   122 |    55 |   102 |    17 ||   422
  Dodge: Dodged            |    55 |    82 |    29 |    69 |   362 |   355 |   286 |   344 |    36 ||  1618
  Block: Buckler           |       |       |       |    17 |   233 |   233 |   195 |   196 |    25 ||   899

Table legend: (Time is in decaauts)
 A = Elapsed time spent in this place.
 B = Non-inter-level travel time spent in this place.
 C = Inter-level travel time spent in this place.
 D = Time resting spent in this place.
 E = Time spent auto-exploring this place.
 F = Levels seen in this place.
 G = Mean time per level.
                   A        B        C        D        E       F      G
               +--------+--------+--------+--------+--------+-----+--------+
         Total |  71912 |  68125 |   3787 |  12916 |  42761 |  46 | 1563.3 |
       Dungeon |  20774 |  19218 |   1556 |   3266 |  13107 |  15 | 1384.9 |
          Lair |   8389 |   7734 |    655 |    891 |   5660 |   5 | 1677.8 |
         Swamp |   3869 |   3722 |    147 |    479 |   2553 |   4 |  967.2 |
   Spider Nest |   7079 |   6843 |    236 |   1463 |   4340 |   4 | 1769.8 |
  Orcish Mines |   2789 |   2633 |    156 |    446 |   1649 |   2 | 1394.5 |
        Vaults |  11130 |  10717 |    413 |   2088 |   6157 |   5 | 2226.0 |
        Depths |   6615 |   6353 |    262 |   1117 |   4128 |   4 | 1653.8 |
           Zot |   8972 |   8614 |    358 |   2504 |   4431 |   5 | 1794.4 |
        Wizlab |   1091 |   1091 |      0 |    412 |    379 |   1 | 1091.0 |
      Gauntlet |   1200 |   1200 |      0 |    250 |    357 |   1 | 1200.0 |
               +--------+--------+--------+--------+--------+-----+--------+

Top non-repeatable levels by time:
Vaults:5: 3361 daAuts
Spider:3: 3329 daAuts
Vaults:2: 2642 daAuts
   Zot:4: 2284 daAuts
   Zot:2: 2071 daAuts
    D:11: 2068 daAuts
   Zot:5: 2054 daAuts
  Lair:5: 1996 daAuts
     D:3: 1904 daAuts
Vaults:4: 1866 daAuts
  Lair:1: 1837 daAuts
Depths:4: 1827 daAuts
  Lair:4: 1795 daAuts
   Orc:2: 1793 daAuts
Depths:2: 1784 daAuts
